 Dungeon Crawl Stone Soup version 0.31-a0-818-ge7c7cf74f0 (webtiles) character file.

Game seed: 14842724307515066601

10760 GloriousHammer the Spear-Bearer (level 11, -7/99 HPs)
             Began as a Minotaur Fighter on Sept 21, 2023.
             Was a Believer of Yredelemnul.
             Mangled by a +5 glaive of the Guard {elec, spectral} (12 damage)
             ... created by a minotaur
             ... in a Gauntlet on Sept 22, 2023.
             The game lasted 00:34:17 (12169 turns).

GloriousHammer the Spear-Bearer (Minotaur Fighter) Turns: 12169, Time: 00:34:17

Health: -7/99      AC: 24    Str: 23    XL:     11   Next: 40%
Magic:  15/15      EV: 19    Int:  7    God:    Yredelemnul [**....]
Gold:   511        SH:  6    Dex: 17    Spells: 10/10 levels left

rFire   + . .        a - +0 trident
rCold   . . .        c - +0 buckler
rNeg    . . .        m - +2 plate armour {rF+}
rPois   +            O - +2 hat
rElec   .            N - +2 cloak {rPois}
rCorr   .            y - +0 pair of gloves
SInv    +            i - +0 pair of boots
Will    .....        P - amulet of the acrobat Stlth
                     D - ring "Urewaisseu" {*Slow rPois EV+5 Dex+7 SInv}
HPRegen 0.36/turn    E - +5 ring of evasion
MPRegen 0.14/turn

%: no teleportation, slow self (1%), acrobat
@: mighty, hasted, very quick
A: horns 2, retaliatory headbutt
a: Renounce Religion, Recall Undead Harvest, Dark Bargain


You were in a Gauntlet.
You worshipped Yredelemnul.
Yredelemnul was noncommittal.
You visited 2 branches of the dungeon, and saw 12 of its levels.
You also visited: Gauntlet.

You collected 1424 gold pieces.
You spent 913 gold pieces at shops.

Inventory:

Hand Weapons
 a - a +0 trident (weapon)
 A - a +2 sling of flaming
 T - a +0 scimitar of flaming
Missiles
 g - 31 poisoned darts
 v - 5 throwing nets
 I - 5 curare-tipped darts
Armour
 c - a +0 buckler (worn)
 i - a +0 pair of boots (worn)
 m - a +2 plate armour of fire resistance (worn)
 y - a +0 pair of gloves (worn)
 N - a +2 cloak of poison resistance (worn)
 O - a +2 hat (worn)
Jewellery
 w - a ring of willpower
 D - the ring "Urewaisseu" (left hand) {*Slow rPois EV+5 Dex+7 SInv}
   (You found it on level 9 of the Dungeon)

   [ring of evasion]

   EV+5:      It affects your evasion (+5).
   Dex+7:     It affects your dexterity (+7).
   rPois:     It protects you from poison SInv: It lets you see invisible.
   *Slow:     It may slow you when you take damage.
 E - a +5 ring of evasion (right hand)
 P - an amulet of the acrobat (around neck)
 Q - the ring "Zeos" {*Corrode Str+6 Dex+2 Slay+5 Stlth+}
   (You found it in a Gauntlet)

   [ring of strength]

   Str+6:     It affects your strength (+6).
   Dex+2:     It affects your dexterity (+2).
   Slay+5:    It affects your accuracy & damage with ranged weapons and melee
   (+5).
   *Corrode:  It may corrode you when you take damage.
   Stlth+:    It makes you more stealthy.
 R - a ring of resist corrosion
 S - a +6 ring of strength
 U - a +6 ring of intelligence
 W - a ring of willpower
 Z - a ring of wizardry
Wands
 t - a wand of roots (20)
 u - a wand of mindburst (35)
 z - a wand of flame (38)
 B - a wand of paralysis (8)
Scrolls
 b - 2 scrolls of poison
 f - 2 scrolls of fear
 j - 7 scrolls of teleportation
 k - 3 scrolls of blinking
 p - 2 scrolls of immolation
 s - a scroll of amnesia
 x - 3 scrolls of revelation
 C - a scroll of noise
 G - a scroll of vulnerability
 J - 2 scrolls of enchant armour {unknown}
 L - a scroll of fog {unknown}
Potions
 d - 4 potions of might
 e - 4 potions of curing
 h - 3 potions of brilliance
 l - 3 potions of magic
 n - 2 potions of attraction
 o - a potion of haste
 q - a potion of degeneration {unknown}
 r - 6 potions of mutation
 H - 2 potions of lignification
 K - 2 potions of berserk rage {unknown}
 M - a potion of ambrosia {unknown}
Miscellaneous
 F - a phial of floods


   Skills:
 + Level 9.7 Fighting
 - Level 14.0 Polearms
 + Level 9.6 Armour
 - Level 5.0 Dodging
 - Level 5.0 Shields
 + Level 7.2 Invocations


You had 10 spell levels left.
You didn't know any spells.
Your spell library contained the following spells:

 Spells                   Type           Power      Damage    Failure   Level
 Magic Dart               Conj           0%         1d3       100%        1
 Call Imp                 Summ           0%         N/A       100%        2
 Static Discharge         Conj/Air       0%         2-2/arc   100%        2
 Mephitic Cloud           Conj/Pois/Air  0%         N/A       100%        3
 Stone Arrow              Conj/Erth      0%         3d7       100%        3
 Airstrike                Air            0%         2d(0-16)  100%        4
 Animate Armour           Summ/Erth      0%         N/A       100%        4
 Manifold Assault         Tloc           0%         N/A       100%        4
 Summon Lightning Spire   Summ/Air       0%         N/A       100%        4
 Vhi's Electric Charge    Tloc/Air       0%         N/A       100%        4
 Arcjolt                  Conj/Air       0%         1d10      100%        5
 Iskenderun's Battlesphe  Conj           0%         2d6       100%        5
 Bombard                  Conj/Erth      0%         9d1       100%        6
 Dispersal                Tloc           0%         N/A       100%        6
 Plasma Beam              Fire/Air       0%         2x1d10    100%        6
 Spellforged Servitor     Conj/Summ      0%         N/A       100%        7
 Disjunction              Tloc           0%         N/A       100%        8
 Lehudib's Crystal Spear  Conj/Erth      0%         10d2      100%        8


Dungeon Overview and Level Annotations

Branches:
Dungeon (11/15)            Temple (1/1) D:6         Gauntlet (1/1)
   Lair: D:8-11         Orc: D:9-12

Altars:
Ashenzari
Cheibriados
Dithmenos
Elyvilon
Fedhas
Gozag
Hepliaklqana
Kikubaaqudgha
Makhleb
Nemelex Xobeh
Okawaru
Qazlal
Ru
Sif Muna
Trog
Uskayaw
Vehumet
Wu Jian
Xom
Yredelemnul
Zin
The Shining One

Shops:
D:2 [*?[   D:3 :   D:4 ***   D:5 ?   D:9 [

Annotations:
D:4 exclusion: downstairs Gauntlet 8 transporters


Innate Abilities, Weirdness & Mutations

You have a pair of horns on your head.
You reflexively headbutt those who attack you in melee.


Message History

A black mist starts to gather...
You can now trade souls for undead servants.
You see here a +0 scimitar of flaming.
T - a +0 scimitar of flaming
e - 4 potions of curing (gained 1)
h - 3 potions of brilliance (gained 1)
U - a +6 ring of intelligence
There is a transporter here.
You enter the transporter and appear at another place.
Okay, then.
You swap places.
You swap places.
You swap places.
You open the door.
A minotaur comes into view.
It is wielding the +5 glaive of the Guard {elec, spectral}.
The minotaur bellows!
The minotaur throws a javelin.
The javelin pierces through you but does no damage.
Found a runed rapier.
Found a gate leading back out of this place.
You close the door.
You feel very mighty all of a sudden.
You feel yourself speed up. As you open the door, it creaks loudly!
You reach to attack!
You puncture the minotaur!
The minotaur is lightly wounded.
The minotaur hits you from afar with the +5 glaive of the Guard {elec, spectral}!
You are electrocuted!
The +5 glaive of the Guard {elec, spectral} barely misses you.
Your spectral efreet barely misses the +5 glaive of the Guard {elec, spectral}.
A +5 glaive of the Guard {elec, spectral} comes into view.
You puncture the +5 glaive of the Guard {elec, spectral}!
The minotaur shares its spectral weapon's damage!
The +5 glaive of the Guard {elec, spectral} is severely damaged.
You hit the +5 glaive of the Guard {elec, spectral}.
The minotaur shares its spectral weapon's damage!
Your headbutt misses the +5 glaive of the Guard {elec, spectral}.
The +5 glaive of the Guard {elec, spectral} is severely damaged.
You barely miss the +5 glaive of the Guard {elec, spectral}.
The +5 glaive of the Guard {elec, spectral} is severely damaged.
Your spectral efreet hits the +5 glaive of the Guard {elec, spectral}.
The minotaur shares its spectral weapon's damage!
The minotaur hits you but does no damage.
The +5 glaive of the Guard {elec, spectral} hits you!!
You impale the +5 glaive of the Guard {elec, spectral}!!
The minotaur shares its spectral weapon's damage!
The +5 glaive of the Guard {elec, spectral} disappears.
The minotaur hits you with the +5 glaive of the Guard {elec, spectral}!
The +5 glaive of the Guard {elec, spectral} misses you.
The minotaur completely misses you.
A +5 glaive of the Guard {elec, spectral} comes into view.
There is an open door here.
You hit the minotaur.
The minotaur is heavily wounded.
You hit the minotaur.
The minotaur is heavily wounded.
The minotaur completely misses you.
The +5 glaive of the Guard {elec, spectral} hits you but does no damage.
The minotaur gores you but does no damage.
You hit the minotaur.
The minotaur is heavily wounded.
You closely miss the minotaur.
The minotaur is heavily wounded.
You block the minotaur's attack.
The +5 glaive of the Guard {elec, spectral} barely misses you.
The minotaur completely misses you.
You hit the minotaur but do no damage.
The minotaur is heavily wounded.
You hit the minotaur but do no damage. You headbutt the minotaur!
The minotaur is severely wounded.
You hit the minotaur.
The minotaur is severely wounded.
The minotaur closely misses you.
The +5 glaive of the Guard {elec, spectral} hits you but does no damage.
The minotaur gores you!
You puncture the minotaur! You headbutt the minotaur.
The minotaur is almost dead.
You hit the minotaur.
The minotaur is almost dead.
The minotaur hits you but does no damage.
You are electrocuted!
* * * LOW HITPOINT WARNING * * *
The +5 glaive of the Guard {elec, spectral} closely misses you.
The minotaur gores you but does no damage.
Unknown command.
You hit the minotaur. Your headbutt misses the minotaur.
The minotaur is almost dead.
Unknown command.
You are now empty-handed.
Unknown command.
Okay, then.
a - a +0 trident (weapon)
The minotaur hits you but does no damage.
You are electrocuted!
* * * LOW HITPOINT WARNING * * *
The +5 glaive of the Guard {elec, spectral} hits you from afar.
* * * LOW HITPOINT WARNING * * *
You are electrocuted!
You die...
Your body rises from the dead as a mindless zombie.

##..#).#.
#########§..#u.u.
#...##.###..#####
#.#.##..##.......
#.#......#..#####
#.#.##...#..#.'.. ###+
#...##.©.#8.#.###
#..⌠.##.#.##...#..#...#
+⌠..(H@Z#....©.#∩.###.#
#...∩##Z#.##...#..#©#..
#.⌠. #Z..##.©.#8.#.###
##+ #.#.##...#..#...Z
#.#......#..#####
#.#.##..##.......
#...##.###..#####
#########≈..#Dw..
##..#!#.#


You could see a minotaur (ally target), a +5 glaive of the Guard {elec,
spectral}, a friendly spectral efreet, a friendly hell hound zombie and a
friendly hornet zombie.

Vanquished Creatures
  A two-headed ogre (D:10)
  Maurice (D:8)
  Psyche (D:10)
  An efreet (Gauntlet)
  5 hornets (Gauntlet)
  15 yaks
  A shadow (D:11)
  A steam dragon (D:7)
  A fire elemental (Gauntlet)
  A vampire mosquito (D:10)
  An acid dragon (D:8)
  A hell hound (Gauntlet)
  An ice beast (D:6)
  6 orc warriors
  2 sky beasts (D:7)
  3 black bears
  2 ogres (D:5)
  3 centaurs
  4 kobold brigands
  A bullfrog (D:8)
  2 scorpions (D:4)
  3 killer bees (D:8)
  3 howler monkeys
  3 electric eels (D:9)
  2 jellies (D:5)
  8 hounds
  5 orc priests
  4 gnoll boudas
  4 sleepcaps
  11 orc wizards
  2 iguanas (D:6)
  27 gnolls
  7 adders
  3 shadow imps
  A white imp (D:6)
  An ufetubus (D:7)
  2 worms
  A dart slug (D:1)
  22 orcs
  4 bats
  7 endoplasms
  A giant cockroach (D:1)
  5 goblins
  2 hobgoblins
  9 jackals
  24 kobolds
  2 quokkas (D:1)
  6 ball pythons
  2 frilled lizards (D:1)
  2 rats
  A spectral weapon (Gauntlet)
228 creatures vanquished.

Vanquished Creatures (collateral kills)
  A gargoyle (D:10)
  2 hornets
  3 yaks
  A steam dragon (D:8)
  A vampire mosquito (D:10)
  An orc warrior (D:9)
  A kobold brigand (D:9)
  A gnoll sergeant (D:9)
  A howler monkey (D:10)
  An orc wizard (D:9)
  6 gnolls (D:9)
  5 orcs
  3 kobolds
27 creatures vanquished.

Vanquished Creatures (others)
  2 hornet zombies
  A yak zombie (D:9)
  A centaur zombie (D:9)
  2 killer bee zombies (D:8)
  3 hound zombies (D:9)
  A howler monkey zombie (D:8)
  A jackal (D:9)
  6 gnoll zombies (D:9)
  A jackal zombie (D:9)
  6 kobold zombies
  9 orc zombies
33 creatures vanquished.

Grand Total: 288 creatures vanquished

Notes
Turn   | Place    | Note
-------+----------+-------------------------------------------
     0 | D:1      | GloriousHammer the Minotaur Fighter began the quest for the
                  | Orb.
     0 | D:1      | Reached XP level 1. HP: 19/19 MP: 0/0
    43 | D:1      | Reached skill level 3 in Polearms
    94 | D:1      | Reached XP level 2. HP: 26/26 MP: 1/1
   353 | D:1      | Reached skill level 4 in Polearms
   482 | D:2      | Reached XP level 3. HP: 24/31 MP: 2/2
   739 | D:2      | Found Qopuehil's Magic Scroll Shop.
   757 | D:2      | Bought a scroll of identify for 28 gold pieces
   757 | D:2      | Identified a scroll of acquirement
   760 | D:2      | Acquired 722 gold pieces
   762 | D:2      | Bought a scroll of identify for 28 gold pieces
   762 | D:2      | Bought a scroll of fear for 56 gold pieces
   762 | D:2      | Bought a scroll of teleportation for 42 gold pieces
   771 | D:2      | Found Ympix's Assorted Antiques.
   777 | D:2      | Bought a scroll labelled HAER KYLUENIFE for 23 gold pieces
   777 | D:2      | Bought a green potion for 20 gold pieces
   799 | D:2      | Found Akiamez's Armour Shop.
   969 | D:2      | Found Busch's Antique Armour Shoppe.
  1119 | D:2      | Reached skill level 5 in Polearms
  1309 | D:2      | Bought a shiny plate armour for 598 gold pieces
  1391 | D:3      | Found a glowing golden altar of the Shining One.
  1447 | D:3      | Found Kuukaoj's Vocational Training.
  1466 | D:3      | Found a snail-covered altar of Cheibriados.
  1650 | D:3      | Reached XP level 4. HP: 33/39 MP: 3/3
  2055 | D:4      | Reached skill level 6 in Polearms
  2091 | D:4      | Reached XP level 5. HP: 25/45 MP: 4/4
  2206 | D:4      | Reached skill level 7 in Polearms
  2251 | D:4      | Found Kot Lui's Specific Store.
  2254 | D:4      | Found Peopipi's General Store.
  2437 | D:4      | Found Suofu's Assorted Antiques.
  2442 | D:4      | Bought a scroll labelled HOLUSI CEEDGH for 22 gold pieces
  2442 | D:4      | Bought a scroll of identify for 44 gold pieces
  2570 | D:4      | Reached XP level 6. HP: 43/51 MP: 5/5
  2620 | D:4      | Reached skill level 8 in Polearms
  2798 | D:5      | Entered Level 5 of the Dungeon
  3235 | D:5      | Found a blossoming altar of Fedhas.
  3247 | D:5      | Reached skill level 9 in Polearms
  3355 | D:5      | Found Koptar's Magic Scroll Shop.
  3366 | D:5      | Bought a scroll of identify for 26 gold pieces
  3366 | D:5      | Bought a scroll of identify for 26 gold pieces
  3399 | D:5      | Reached XP level 7. HP: 45/57 MP: 6/6
  3776 | D:5      | Reached skill level 10 in Polearms
  4702 | D:5      | Found Koptar's Magic Scroll Shop.
  4753 | D:5      | Found a blossoming altar of Fedhas.
  5132 | D:6      | Reached skill level 11 in Polearms
  5143 | D:6      | Reached XP level 8. HP: 64/64 MP: 7/7
  5418 | D:6      | Reached skill level 12 in Polearms
  6149 | D:6      | Found a white marble altar of Elyvilon.
  6387 | D:6      | Reached skill level 13 in Polearms
  6411 | D:6      | Found a staircase to the Ecumenical Temple.
  6579 | Temple   | Entered the Ecumenical Temple
  6586 | Temple   | Became a worshipper of Yredelemnul the Dark
  6689 | D:7      | Reached skill level 1 in Dodging
  6689 | D:7      | Reached skill level 1 in Invocations
  6724 | D:7      | Reached * piety under Yredelemnul
  6782 | D:7      | Reached ** piety under Yredelemnul
  6792 | D:7      | Reached XP level 9. HP: 71/71 MP: 8/8
  6925 | D:7      | Reached *** piety under Yredelemnul
  7082 | D:7      | Noticed a +0 hand axe
  7083 | D:7      | Found a hide-covered altar of Uskayaw.
  7083 | D:7      | Noticed a +0 dagger
  7311 | D:7      | Reached **** piety under Yredelemnul
  7649 | D:8      | You fall into a shaft and drop 1 floor!
  7959 | D:9      | Found Liory's Armour Shop.
  8059 | D:9      | Reached skill level 5 in Fighting
  8060 | D:9      | Reached skill level 5 in Armour
  8069 | D:9      | Identified the ring "Urewaisseu" {*Slow rPois EV+5 Dex+7
                  | SInv}
  8105 | D:9      | Reached skill level 5 in Shields
  8438 | D:9      | Paralysed by a hornet for 1 turns
  8439 | D:9      | Reached ***** piety under Yredelemnul
  8444 | D:9      | Paralysed by a hornet for 2 turns
  8581 | D:9      | Reached XP level 10. HP: 51/83 MP: 11/11
  8588 | D:9      | Reached ****** piety under Yredelemnul
  8595 | D:9      | Reached skill level 14 in Polearms
  8970 | D:9      | Identified the +1 pair of boots "Xaupian" {rF- rCorr Int+2
                  | SInv}
  9199 | D:9      | Found a hazy altar of Hepliaklqana.
  9199 | D:9      | Found a sparkling altar of Nemelex Xobeh.
  9717 | D:10     | Entered Level 10 of the Dungeon
  9760 | D:8      | Reached skill level 5 in Dodging
  9991 | D:8      | Reached skill level 5 in Invocations
  9995 | D:8      | Noticed Maurice
 10005 | D:8      | Killed Maurice
 10688 | D:10     | Reached XP level 11. HP: 82/95 MP: 14/14
 10742 | D:10     | Noticed a two-headed ogre
 10751 | D:10     | Killed a two-headed ogre
 10931 | D:10     | Noticed Psyche
 10940 | D:10     | Killed Psyche
 11295 | D:10     | Upgraded the game from 0.31-a0-810-ga77100ea1a to
                  | 0.31-a0-818-ge7c7cf74f0
 11461 | D:11     | Found a gate leading to a gauntlet.
 11468 | Gauntlet | Entered a Gauntlet
 11468 | Gauntlet | Found a transporter.
 11468 | Gauntlet | Found a transporter.
 11472 | Gauntlet | Found a transporter.
 11472 | Gauntlet | Found a transporter.
 11474 | Gauntlet | Found a transporter.
 11511 | Gauntlet | Found a transporter.
 11513 | Gauntlet | Found a transporter.
 11513 | Gauntlet | Found a transporter.
 11523 | Gauntlet | Noticed a seven-headed hydra
 11525 | Gauntlet | Found a transporter.
 11540 | Gauntlet | Found a transporter.
 11544 | Gauntlet | Found a runed translucent door.
 11548 | Gauntlet | Noticed a great orb of eyes
 11549 | Gauntlet | Noticed a purple ugly thing
 11550 | Gauntlet | Noticed a cyan ugly thing
 11551 | Gauntlet | Found a transporter.
 11565 | Gauntlet | Found a transporter.
 11586 | Gauntlet | Found a transporter.
 11598 | Gauntlet | Found a transporter.
 11792 | Gauntlet | Paralysed by a hornet for 1 turns
 11921 | Gauntlet | Identified the ring "Zeos" {*Corrode Str+6 Dex+2 Slay+5
                  | Stlth+}
 12147 | Gauntlet | Found the +2 hat of the Bear Spirit {Spirit, Bear, *Rage
                  | Will++}
 12147 | Gauntlet | Noticed a minotaur
 12169 | Gauntlet | Mangled by a +5 glaive of the Guard {elec, spectral}

Illustrated notes

Levels and vault maps discovered:
D:1:      scummos_arrival_simple_fountains, layout_rooms, serial_park_tiny_1,
          corexii_leaking_fountain
D:2:      layout_loops_cross, serial_shops, shop, shop, nicolae_lakefront_shop,
          shop
D:3:      layout_loops_ring, mainiacjoe_overflow_small_starburst,
          lemuel_tele_altar, serial_park_tiny_2, nicolae_shop_vocational
D:4:      layout_rooms, serial_shops, shop, minivault_1, nicolae_specific_store,
          solitary_fountain, st_stairs_14
D:5:      layout_gridville, mainiacjoe_overflow_six_doors_small, serial_shops,
          nicolae_shop_just_a_little_nook
D:6:      layout_loops_cross, elyvilon_altar_1, temple_doors_ab, nrook_campfire,
          kennysheep_small_spiral
D:7:      layout_cave_pods, dancing_weapons_uskayaw, nicolae_titane
D:8:      layout_basic, kennysheep_nondescript, uniq_maurice
D:9:      layout_cave_pools, mainiacjoe_overflow_divided_tiny,
          serial_gnoll_camp, gnoll_camp_mini_loothouse, gnoll_camp_huts_moat,
          gnoll_camp_mini_shop, gnoll_camp_mini_hut, gnoll_camp_mini_hut,
          gnoll_camp_mini_house, minmay_fractal_squares_diagonal_5
D:10:     layout_long_grid, uniq_psyche
D:11:     layout_loops_ring, dpeg_lair_monsters, david_orc_3,
          gauntlet_entry_generic, roderic_batcave, uniq_grum, uniq_lodul,
          uniq_erolcha
Temple:   nicolae_temple_no_exploring_needed
Gauntlet: gammafunk_gauntlet_mixed_choke_point
          [minmay_gauntlet_arena_77_tiled_triplets,
          minmay_gauntlet_arena_77_checkered,
          minmay_gauntlet_arena_77_radiant_squares,
          nicolae_gauntlet_arena_flowing_pool,
          minmay_gauntlet_arena_77_broken_ladder, minmay_gauntlet_arena_77_path,
          minmay_gauntlet_arena_77_chump_sandwich, gauntlet_exit_hidden_loot]

Skill      XL: |  1  2  3  4  5  6  7  8  9 10 11 |
---------------+----------------------------------+-----
Polearms       | 3 4 5 6 7 9 11 13 14 | 14.0
Fighting       | 4 6 8 9 |  9.7
Armour         | 4 6 8 9 |  9.6
Dodging        | 1 4 5 |  5.0
Shields        | 4 5 |  5.0
Invocations    | 1 3 6 7 |  7.2

Action                     |  1- 3 |  4- 6 |  7- 9 | 10-12 || total
---------------------------+-------+-------+-------+-------++-------
  Melee: Trident           |   107 |   109 |   474 |   307 ||   997
         Headbutt          |     4 |    17 |    60 |    68 ||   149
 Invoke: Bind Soul         |       |       |       |     2 ||     2
         Recall Undead Har |       |       |       |     2 ||     2
  Evoke: Wand              |       |       |       |     2 ||     2
    Use: Scroll            |     5 |     5 |     3 |     3 ||    16
         Potion            |       |       |     1 |     2 ||     3
   Stab: Distracted        |       |       |     3 |     6 ||     9
 Armour: Scale mail        |    44 |       |       |       ||    44
         Plate armour      |     6 |    65 |   316 |   174 ||   561
  Dodge: Dodged            |    27 |    29 |    82 |   112 ||   250
  Block: Buckler           |    13 |    13 |    59 |    58 ||   143

Table legend: (Time is in decaauts)
 A = Elapsed time spent in this place.
 B = Non-inter-level travel time spent in this place.
 C = Inter-level travel time spent in this place.
 D = Time resting spent in this place.
 E = Time spent auto-exploring this place.
 F = Levels seen in this place.
 G = Mean time per level.
                   A        B        C        D        E       F      G
               +--------+--------+--------+--------+--------+-----+--------+
         Total |  11915 |  11354 |    561 |   2687 |   6116 |  13 |  916.5 |
       Dungeon |  11231 |  10676 |    555 |   2576 |   5987 |  11 | 1021.0 |
        Temple |     14 |      8 |      6 |      0 |      0 |   1 |   14.0 |
      Gauntlet |    669 |    669 |      0 |    111 |    129 |   1 |  669.0 |
               +--------+--------+--------+--------+--------+-----+--------+

Top non-repeatable levels by time:
     D:5: 2099 daAuts
     D:9: 2021 daAuts
     D:6: 1519 daAuts
    D:10: 1002 daAuts
     D:7: 949 daAuts
     D:4: 903 daAuts
     D:2: 875 daAuts
     D:3: 709 daAuts
Gauntlet: 669 daAuts
     D:8: 642 daAuts
     D:1: 476 daAuts
    D:11: 30 daAuts
  Temple: 14 daAuts
